[Event "Titled Tuesday Blitz April 18 Late 2023"]
[White "Rios Escobar, Adan"]
[Black "Timmermans, Mark"]
[WhiteFideId "3403645"]
[BlackFideId "1026399"]
[WhiteElo "2491"]
[BlackElo "2460"]
[Result "0-1"]
[Round "10"]
[TimeControl "180+2"]
[Date "2023.04.18"]
[WhiteClock "0:00:08"]
[BlackClock "0:00:29"]

1. d4 Nf6 2. g3 e6 3. c4 d5 4. Bg2 Be7 5. Nf3 O-O 6. O-O dxc4 7. Qc2 b5 8. a4 b4 9. Nfd2 c6 10. Nxc4 Qxd4 11. Rd1 Qc5 12. Be3 Qh5 13. Nbd2 e5 14. Nf3 Ng4 15. h3 Nxe3 16. Nxe3 Bxh3 17. Bxh3 Qxh3 18. Nxe5 Qe6 19. Nf3 c5 20. Nd5 Rc8 21. Qf5 Bf8 22. Qxe6 fxe6 23. Nf4 c4 24. Nxe6 c3 25. bxc3 bxc3 26. Nxf8 Kxf8 27. Rac1 Na6 28. Ne5 c2 29. Rd4 Ke7 30. Nc4 Nb4 31. Ne3 a5 32. Nd5+ Nxd5 33. Rxd5 Rab8 34. Rb5 Rxb5 35. axb5 Rc5 36. b6 Kd7 37. Kf1 a4 38. Ke1 a3 39. Kd2 a2 40. Ra1 Kc6 41. Kc1 Rf5 42. f3 Ra5 43. b7 Kxb7 44. Kxc2 Kc6 45. Kb3 Kc5 46. e3 Rb5+ 47. Kxa2 Ra5+ 48. Kb2 Rxa1 49. Kxa1 h5 50. Kb2 g5 51. Kc3 h4 52. gxh4 gxh4 53. e4 h3 54. Kd3 h2 55. Ke3 h1=Q 56. e5 Kd5 57. f4 Qe4+ 58. Kf2 Qxf4+ 59. Ke2 Kxe5 60. Kd3 Qd4+ 61. Ke2 Kf4 62. Ke1 Qb2 63. Kd1 Ke3 64. Ke1 Qb1# 0-1


[Site "https://www.chess.com"]

[Event "Titled Tuesday Blitz April 18 Late 2023"]
[White "Sieciechowicz, Marcin"]
[Black "Lorenzo De La Riva, Lazaro"]
[WhiteFideId "1130170"]
[BlackFideId "2268809"]
[WhiteElo "2302"]
[BlackElo "2294"]
[Result "0-1"]
[Round "10"]
[TimeControl "180+2"]
[Date "2023.04.18"]
[WhiteClock "0:00:14"]
[BlackClock "0:00:23"]

1. d4 c6 2. c4 g6 3. h4 h6 4. Nc3 Bg7 5. e4 d6 6. f4 Nf6 7. Be2 h5 8. Nf3 Ng4 9. e5 d5 10. cxd5 cxd5 11. Ng5 Nc6 12. e6 Nh6 13. exf7+ Nxf7 14. Be3 Bf5 15. Bd3 Qd7 16. Bxf5 Qxf5 17. Qf3 e6 18. Rd1 O-O 19. O-O Nxg5 20. hxg5 Qf7 21. g4 hxg4 22. Qxg4 Qf5 23. Qxf5 Rxf5 24. Ne2 Rf7 25. Kg2 Rc8 26. Ng1 Ne7 27. Nf3 Nf5 28. Bf2 Rc2 29. Rd2 Rfc7 30. Rfd1 Kf7 31. a3 b5 32. Kf1 a5 33. Ke2 b4 34. axb4 axb4 35. Kd3 b3 36. Ra1 Rc1 37. Ra3 Rb7 38. Ra6 Rd7 39. Rb6 Nd6 40. Rxb3 Ne4 41. Re2 Rf1 42. Ke3 Rc7 43. Be1 Nd6 44. Ne5+ Bxe5 45. dxe5 Nf5+ 46. Kd2 Rxf4 47. Rh2 Rd4+ 48. Rd3 Re4 49. Rh7+ Ng7 50. Rf3+ Kg8 51. Rh6 Rcc4 52. Bf2 Rf4 53. Rxf4 Rxf4 54. Be3 Rb4 55. Kc3 Re4 56. Bc5 Rc4+ 57. Kd3 Rxc5 58. Rxg6 Rc4 59. b3 Re4 60. Kc3 Rxe5 61. b4 Rf5 62. Kd4 Rf4+ 63. Kc5 Rc4+ 64. Kb5 Rc1 65. Ka6 d4 66. Rf6 d3 67. Rf2 e5 68. b5 e4 69. b6 e3 70. Rb2 Ra1+ 71. Kb5 Ra8 72. b7 Rb8 73. Kc6 d2 0-1


[Site "https://www.chess.com"]

[Event "Titled Tuesday Blitz April 18 Late 2023"]
[White "Amburgy, Ryan"]
[Black "Liu, Eric"]
[WhiteFideId "30924820"]
[BlackFideId "30960240"]
[WhiteElo "2134"]
[BlackElo "2094"]
[Result "0-1"]
[Round "10"]
[TimeControl "180+2"]
[Date "2023.04.18"]
[WhiteClock "0:00:16"]
[BlackClock "0:00:37"]

1. Nf3 b6 2. d4 Bb7 3. c4 e6 4. a3 h5 5. Nc3 h4 6. h3 Nf6 7. Bg5 Be7 8. e3 Ne4 9. Bxe7 Qxe7 10. Nxe4 Bxe4 11. Bd3 Bxd3 12. Qxd3 d5 13. Rc1 O-O 14. O-O Rc8 15. cxd5 exd5 16. b4 Nd7 17. Rc6 a5 18. b5 Nb8 19. Rc3 c5 20. dxc5 Rxc5 21. Rxc5 Qxc5 22. Nxh4 Nd7 23. Nf5 g6 24. Nd4 Ne5 25. Qb3 a4 26. Qa2 Nc4 27. Ra1 Re8 28. Qc2 Ra8 29. Qc3 Nd6 30. Rc1 Qxc3 31. Rxc3 Ra5 32. Nc6 Rxb5 33. Rd3 Nc4 34. Ne7+ Kf8 35. Nxd5 Rb3 36. Rd4 b5 37. Nc7 Nxa3 38. f4 Nc2 39. Rd8+ Ke7 40. Ra8 a3 41. Kf2 Rb2 42. Kf3 a2 43. Nxb5 a1=Q 44. Rxa1 Nxa1 45. Nd4 Nb3 46. Nc6+ Kd6 47. Ne5 Nd2+ 48. Kg4 Rb7 0-1


[Site "https://www.chess.com"]

[Event "Titled Tuesday Blitz April 18 Late 2023"]
[White "Jovic, Stanoje"]
[Black "Di Berardino, Diego Rafael"]
[WhiteFideId "905020"]
[BlackFideId "2105446"]
[WhiteElo "2236"]
[BlackElo "2432"]
[Result "1/2-1/2"]
[Round "10"]
[TimeControl "180+2"]
[Date "2023.04.18"]
[WhiteClock "0:00:23"]
[BlackClock "0:00:06"]

1. c4 e6 2. g3 d5 3. Bg2 Nf6 4. Nf3 Be7 5. O-O O-O 6. d4 dxc4 7. Ne5 Nc6 8. Bxc6 bxc6 9. Nxc6 Qe8 10. Nxe7+ Qxe7 11. Na3 e5 12. dxe5 Qxe5 13. Nxc4 Qh5 14. f3 Re8 15. e4 Ba6 16. b3 Rad8 17. Qc2 Nd7 18. Be3 Ne5 19. Kg2 Rd3 20. Rae1 Red8 21. Nxe5 Qxe5 22. Rf2 Qa5 23. Rc1 Rxe3 24. Qxc7 Qb6 25. Qxb6 axb6 26. Rc6 h6 27. Rxb6 Bd3 28. a4 Re1 29. a5 Ra1 30. b4 Ra3 31. g4 Kh7 32. h4 g5 33. h5 Kg7 34. Rb2 Rc8 35. Rd6 Rcc3 36. Rf2 Bb5 37. Rb6 Bd3 38. Rd6 Rcb3 39. Rd4 Bb5 40. Kg3 Bc6 41. Kg2 Bb7 42. Kg3 Bc6 43. Kg2 Bb5 44. Kg3 Ra4 45. Kg2 Raxb4 46. Rxb4 Rxb4 47. Ra2 Ra4 48. Rxa4 Bxa4 49. a6 Kf6 50. a7 Bc6 51. Kf2 Ke5 52. Ke3 f6 53. Kf2 Kf4 54. Ke2 Kg3 55. Ke3 Ba8 56. Ke2 Kg2 57. Ke3 Kg3 58. Ke2 Kf4 59. Kf2 Ke5 60. Ke3 Ke6 61. Kd4 Kd6 62. Ke3 Kc5 63. Kd3 Kb6 64. Kd4 Kxa7 65. Ke3 Kb6 66. f4 Kc5 67. e5 gxf4+ 68. Kxf4 fxe5+ 69. Kxe5 Bd5 70. Kf6 Bf3 71. g5 hxg5 72. h6 Be4 73. Kxg5 Kd4 74. Kf6 Ke3 75. Kg7 Kf4 76. h7 Bxh7 1/2-1/2


[Site "https://www.chess.com"]

[Event "Titled Tuesday Blitz April 18 Late 2023"]
[White "Kleiman, Jake"]
[Black "reevecanada"]
[WhiteFideId "2020041"]
[WhiteElo "2610"]
[BlackElo "2465"]
[Result "1-0"]
[Round "10"]
[TimeControl "180+2"]
[Date "2023.04.18"]
[WhiteClock "0:00:04"]
[BlackClock "0:00:02"]

1. e4 d6 2. d4 e6 3. Nc3 Nd7 4. f4 Ne7 5. Nf3 g6 6. Bd3 Bg7 7. O-O O-O 8. Kh1 b6 9. f5 exf5 10. exf5 Bb7 11. Bg5 f6 12. Bd2 g5 13. Qe2 Kh8 14. Rae1 Nd5 15. Nxd5 Bxd5 16. c4 Bg8 17. h3 c5 18. Bc3 Qc7 19. Qf2 Rae8 20. b3 a6 21. a4 a5 22. Nd2 d5 23. cxd5 Bxd5 24. Bc4 Bxc4 25. Nxc4 cxd4 26. Bxd4 Rb8 27. Re7 b5 28. Nb6 Rxb6 29. Bxb6 Qd6 30. Re6 Qd5 31. Bd4 Qxb3 32. axb5 Qxb5 33. Re7 a4 34. Rfe1 a3 35. Qa2 Qa4 36. Ba1 Nc5 37. Qd5 Nb3 38. Rxg7 Kxg7 39. Re7+ Kh6 40. Qb7 Rh8 41. Bxf6 Nd2 42. Bg7+ Kh5 43. Re1 Rd8 44. Qf7+ Kh4 45. Bf6 Rd3 46. Qxh7+ Kg3 47. Be5+ Kf2 48. Rg1 a2 49. Qh5 g4 50. Qh4+ g3 51. Qxa4 Nf1 52. Qxa2+ Ke1 53. Bxg3+ 1-0


[Site "https://www.chess.com"]

[Event "Titled Tuesday Blitz April 18 Late 2023"]
[White "Mazurkiewicz, Michal"]
[Black "Rosen, Eric"]
[WhiteFideId "1124943"]
[BlackFideId "2032562"]
[WhiteElo "2054"]
[BlackElo "2331"]
[Result "0-1"]
[Round "10"]
[TimeControl "180+2"]
[Date "2023.04.18"]
[WhiteClock "0:00:03"]
[BlackClock "0:00:02"]

1. e4 c5 2. Nf3 Nc6 3. g3 e5 4. Bg2 g6 5. O-O Bg7 6. d3 Nge7 7. Nc3 O-O 8. Nd2 d6 9. Nc4 f5 10. a4 Be6 11. Nd5 Qd7 12. c3 Rae8 13. f4 Kh8 14. a5 h6 15. Qa4 Rd8 16. Be3 Kh7 17. a6 b6 18. Bf2 Rfe8 19. Nxe7 Nxe7 20. Qxd7 Rxd7 21. exf5 gxf5 22. Nxb6 Rdd8 23. Nc4 e4 24. Ne3 exd3 25. c4 Bxb2 26. Rad1 d5 27. cxd5 Nxd5 28. Nxd5 Bxd5 29. Bxc5 Be4 30. Bxa7 Ra8 31. Bf2 Rxa6 32. Rb1 Ra2 33. Bxe4 fxe4 34. Be3 Rc8 35. f5 Bf6 36. Rb7+ Kh8 37. Rb6 Rcc2 0-1


[Site "https://www.chess.com"]

[Event "Titled Tuesday Blitz April 18 Late 2023"]
[White "Gonzalez Zamora, Juan Carlos"]
[Black "Vlassov, Nikolai"]
[WhiteFideId "3507548"]
[BlackFideId "4103360"]
[WhiteElo "2535"]
[BlackElo "2324"]
[Result "0-1"]
[Round "10"]
[TimeControl "180+2"]
[Date "2023.04.18"]
[WhiteClock "0:00:41"]
[BlackClock "0:00:53"]

1. e4 Nc6 2. Nf3 d5 3. exd5 Qxd5 4. Nc3 Qa5 5. a3 Nf6 6. Bc4 Bg4 7. O-O O-O-O 8. h3 Bh5 9. Be2 e5 10. d3 e4 11. Ne1 exd3 12. cxd3 Bxe2 13. Qxe2 Nd4 14. Qd1 Bd6 15. Be3 Nf5 16. b4 Qe5 17. Nf3 Qxc3 18. Rc1 Qxa3 19. Ra1 Qxb4 20. Rxa7 Nxe3 21. fxe3 Qb6 22. Ra4 Qxe3+ 23. Kh1 Kd7 24. Re1 Qb6 25. Rd4 Rhe8 26. Rxe8 Kxe8 27. Rh4 Kf8 28. Nd4 Bg3 0-1


[Site "https://www.chess.com"]

[Event "Titled Tuesday Blitz April 18 Late 2023"]
[White "MKlose11"]
[Black "WindWhistler11"]
[WhiteElo "2588"]
[BlackElo "2444"]
[Result "0-1"]
[Round "10"]
[TimeControl "180+2"]
[Date "2023.04.18"]
[WhiteClock "0:00:57"]
[BlackClock "0:00:36"]

1. e4 d6 2. Nc3 g6 3. d4 Bg7 4. Be3 a6 5. Qd2 b5 6. a3 Nd7 7. Bd3 Bb7 8. d5 c5 9. dxc6 Bxc6 10. Nge2 Ngf6 11. Bh6 O-O 12. Bxg7 Kxg7 13. O-O Qb6 14. Rfe1 Rac8 15. Ng3 Ng4 16. h3 Nge5 17. Be2 Qb7 18. Qd4 f6 19. f4 Nf7 20. Bg4 e5 21. Qd2 Rce8 22. Rad1 exf4 23. Qxf4 Nc5 24. Rf1 Qe7 25. Kh1 Qe5 26. Qf2 h5 27. Bxh5 gxh5 28. Nf5+ Kg6 29. Nd5 Bxd5 30. Rxd5 Nxe4 31. Nh4+ Kg7 32. Nf5+ Kg8 33. Qf3 Qxd5 34. Qxh5 Qxf5 35. Rxf5 Ng3+ 36. Kh2 Nxh5 0-1


[Site "https://www.chess.com"]

[Event "Titled Tuesday Blitz April 18 Late 2023"]
[White "Omranalhosani21"]
[Black "Papayan, Oleg"]
[BlackFideId "4193911"]
[WhiteElo "2582"]
[BlackElo "2153"]
[Result "1-0"]
[Round "10"]
[TimeControl "180+2"]
[Date "2023.04.18"]
[WhiteClock "0:00:40"]
[BlackClock "0:00:03"]

1. d4 Nf6 2. c4 e6 3. Nc3 Bb4 4. a3 Bxc3+ 5. bxc3 c5 6. f3 d6 7. e4 Nc6 8. Be3 b6 9. Bd3 e5 10. Ne2 Na5 11. O-O Ba6 12. f4 Nd7 13. Ng3 g6 14. d5 Bxc4 15. f5 Bxd3 16. Qxd3 c4 17. Qe2 Qh4 18. Rae1 h5 19. fxg6 fxg6 20. Qd2 Qe7 21. Bg5 Qg7 22. Rf3 Nb3 23. Qe2 h4 24. Nh1 Rh5 25. Be3 Na5 26. Ref1 O-O-O 27. Rf7 Qg8 28. Qg4 Rh7 29. Qe6 Rxf7 30. Rxf7 Qe8 31. Bg5 Nb7 32. Bxd8 Qxd8 33. Nf2 b5 34. Ng4 Nc5 35. Qxd6 Qg5 36. h3 Qc1+ 37. Kh2 Qxc3 38. Qc6+ Kd8 39. d6 Qg3+ 40. Kg1 Qe1+ 41. Rf1 Qxe4 42. Rf8+ Nxf8 43. Qc7+ Ke8 44. Qe7# 1-0


[Site "https://www.chess.com"]

[Event "Titled Tuesday Blitz April 18 Late 2023"]
[White "Zarnicki, Pablo"]
[Black "Gonzalez, Francisco Silva"]
[WhiteFideId "100137"]
[BlackFideId "1512285"]
[WhiteElo "2468"]
[BlackElo "2074"]
[Result "1/2-1/2"]
[Round "10"]
[TimeControl "180+2"]
[Date "2023.04.18"]
[WhiteClock "0:00:04"]
[BlackClock "0:00:13"]

1. e4 e5 2. Nf3 Nc6 3. Bb5 a6 4. Ba4 Nf6 5. O-O b5 6. Bb3 Bc5 7. d3 d6 8. a4 Bb7 9. axb5 axb5 10. Rxa8 Bxa8 11. Bg5 h6 12. Bxf6 Qxf6 13. Nc3 b4 14. Nd5 Qd8 15. c3 bxc3 16. bxc3 O-O 17. d4 exd4 18. cxd4 Ba7 19. Qd3 Ne7 20. Nxe7+ Qxe7 21. Re1 Bb6 22. h3 Qf6 23. Bd5 Bxd5 24. exd5 Ra8 25. g3 g6 26. Kg2 Ra2 27. h4 Kg7 28. Re2 Rxe2 29. Qxe2 Bxd4 30. Qe4 Bb6 31. h5 g5 32. g4 Qb2 33. Qe1 Qf6 34. Qd2 Bc5 35. Nh2 Qe5 36. Nf1 Qe4+ 37. f3 Qd4 38. Qxd4+ Bxd4 39. Ng3 Kh7 40. Nf5 Bb6 41. Kf1 Ba5 42. Ke2 Bb6 43. Kd3 Ba5 44. Kc4 Bb6 45. Kb5 Bc5 46. Kc6 Bb6 47. Kd7 Kg8 48. Nxh6+ Kg7 49. Nf5+ Kf6 50. h6 Kg6 51. Ke8 Ba5 52. Kf8 Kh7 53. Kxf7 Bc3 54. Ke6 Kg6 55. Kd7 Ba5 56. Kc6 Kh7 57. Kb5 Bc3 58. Kc4 Ba5 59. Kd3 Kg6 60. Ke4 Bc3 61. f4 gxf4 62. Kxf4 Be5+ 63. Ke4 Kg5 64. Ne7 Kxg4 65. Ng6 Bf6 66. h7 Kg5 67. h8=Q Bxh8 68. Nxh8 Kf6 69. Kd4 Ke7 70. Ng6+ Kd7 71. Nf8+ Ke7 72. Ng6+ Kd7 73. Nf8+ Ke7 74. Ne6 c6 75. Nc7 cxd5 76. Nxd5+ Ke6 77. Ke4 Kd7 78. Nf4 Kc6 79. Kd4 d5 80. Nxd5 1/2-1/2


[Site "https://www.chess.com"]

[Event "Titled Tuesday Blitz April 18 Late 2023"]
[White "Qiao, Cindy"]
[Black "liwadas82"]
[WhiteFideId "2620243"]
[WhiteElo "1777"]
[BlackElo "2550"]
[Result "1-0"]
[Round "10"]
[TimeControl "180+2"]
[Date "2023.04.18"]
[WhiteClock "0:00:14"]
[BlackClock "0:00:06"]

1. d4 Nf6 2. Bf4 e6 3. e3 b6 4. Nf3 Bb7 5. Nbd2 d5 6. Bd3 Bd6 7. Bg3 Bxg3 8. hxg3 Qd6 9. c3 Nbd7 10. Qe2 h6 11. e4 dxe4 12. Nxe4 Nxe4 13. Bxe4 O-O-O 14. a4 Bxe4 15. Qxe4 Qd5 16. Qe2 a5 17. O-O Kb7 18. b4 Ra8 19. c4 Qf5 20. c5 axb4 21. Qb5 Nb8 22. Ne5 f6 23. cxb6 c6 24. Qxb4 fxe5 25. Qe7+ Ka6 26. Rab1 exd4 27. b7 Ra7 28. Qc7 Qa5 29. Qxg7 Rd8 30. Qxh6 Rd7 31. Qxe6 Rdxb7 32. Qc4+ Rb5 33. axb5+ cxb5 34. Qxd4 Nc6 35. Qd6 Qb6 36. Ra1+ Na5 37. Qb4 Rc7 38. Rfd1 Rc4 39. Qd6 Rc6 40. Qb4 Rc4 41. Qe1 Rc6 42. Rxa5+ Qxa5 43. Ra1 b4 44. Rxa5+ Kxa5 45. Qa1+ Kb5 46. Qe5+ Rc5 47. Qb8+ Kc4 48. Qf4+ Kc3 49. Qe3+ Kc4 50. Qe2+ Kc3 51. Qe3+ Kc4 52. Qd2 b3 53. g4 Rd5 54. Qb2 Rd1+ 55. Kh2 Rd3 56. f4 Rc3 57. g5 Rc2 58. Qb1 Kc3 59. g6 b2 60. g7 Rc1 61. Qxb2+ Kxb2 62. g8=Q Rc2 63. Qb8+ Kc1 64. Qe5 Kd2 65. f5 Rc3 66. Qxc3+ Kxc3 67. f6 Kd3 68. f7 Kd4 69. f8=Q Ke4 70. g4 Kd4 71. g5 Kd3 72. g6 Ke4 73. g7 Ke3 74. Kg3 Ke4 75. Kg4 Ke3 76. Kg5 Ke2 77. Qf5 Ke3 78. Qf4+ Ke2 79. Qg3 Kf1 80. Qh2 Ke1 81. Kf4 Kf1 82. Ke3 Ke1 83. Qe2# 1-0


[Site "https://www.chess.com"]

[Event "Titled Tuesday Blitz April 18 Late 2023"]
[White "Sanchez Alvares, Kelvin Antonio"]
[Black "Hoffmann, Asa"]
[WhiteFideId "3906680"]
[BlackFideId "2001470"]
[WhiteElo "2217"]
[BlackElo "2117"]
[Result "1-0"]
[Round "10"]
[TimeControl "180+2"]
[Date "2023.04.18"]
[WhiteClock "0:00:19"]
[BlackClock "0:00:21"]

1. e4 d6 2. d4 Nf6 3. Nc3 c6 4. f4 Qa5 5. Bd3 e5 6. dxe5 dxe5 7. fxe5 Ng4 8. Nf3 Nxe5 9. Nxe5 Qxe5 10. Qf3 Bd6 11. Bd2 O-O 12. O-O-O Be6 13. Rdf1 Nd7 14. h4 h5 15. Bf4 Qxf4+ 16. Qxf4 Bxf4+ 17. Rxf4 Ne5 18. Be2 g6 19. g3 Rad8 20. Rff1 Kg7 21. Rd1 b5 22. a3 a6 23. Rhf1 Ng4 24. Bxg4 Bxg4 25. Rxd8 Rxd8 26. b4 Rd4 27. Rf2 Be6 28. Rd2 Rxd2 29. Kxd2 Kf6 30. Ke3 Ke5 31. Nd1 f6 32. Nf2 g5 33. Nd3+ Kd6 34. Kd4 Bc8 35. c3 Bd7 36. Nc5 Bc8 37. hxg5 fxg5 38. e5+ Ke7 39. Ne4 h4 40. Nxg5 hxg3 41. Ke3 Bg4 42. Ne4 g2 43. Kf2 Ke6 44. Kxg2 Kxe5 45. Nc5 Bc8 46. Kf2 Kd5 47. Ke3 Kc4 48. Kd2 a5 49. Ne4 axb4 50. axb4 Kb3 51. Nd6 Be6 52. Kd3 Bg8 53. Kd4 Be6 54. Nb7 Bd5 55. Nc5+ Kb2 56. Na6 Kb3 57. Nc7 Bf3 58. Ne8 Bg2 59. Nd6 Bf3 60. Nb7 Bg2 61. Nc5+ Kb2 62. Nd3+ Kb3 63. Ne5 Kb2 64. c4 bxc4 65. Kxc4 Bd5+ 66. Kc5 Kb3 67. Nd7 Bf3 68. Nb8 Bg2 69. Na6 Bf3 70. Nc7 Bg2 71. Ne6 Bf3 72. Nd4+ Ka4 73. Nxf3 Kb3 74. Nd4+ 1-0


[Site "https://www.chess.com"]

[Event "Titled Tuesday Blitz April 18 Late 2023"]
[White "Graif, William"]
[Black "Barria Santos, Jose Guilherme"]
[WhiteFideId "2609835"]
[BlackFideId "1939300"]
[WhiteElo "2205"]
[BlackElo "2266"]
[Result "0-1"]
[Round "10"]
[TimeControl "180+2"]
[Date "2023.04.18"]
[WhiteClock "0:00:03"]
[BlackClock "0:01:12"]

1. e4 c5 2. Nc3 d6 3. f4 g6 4. Nf3 Bg7 5. Bc4 e6 6. d4 cxd4 7. Nxd4 Nc6 8. Ndb5 Bf8 9. O-O a6 10. Nd4 Bg7 11. Nxc6 bxc6 12. Bb3 Ne7 13. Be3 O-O 14. Qf3 d5 15. Bc5 Qc7 16. Rad1 a5 17. a4 Re8 18. Kh1 Ba6 19. Rf2 Rad8 20. Qe3 Rb8 21. Re1 Nc8 22. Qd2 Nd6 23. e5 Nf5 24. g4 Nh4 25. Bd6 Qb6 26. Bxb8 Rxb8 27. Nd1 c5 28. f5 c4 29. f6 Bb7 30. fxg7 d4+ 31. Kg1 Qc6 32. Rxf7 Qh1+ 33. Kf2 Qg2# 0-1


[Site "https://www.chess.com"]

[Event "Titled Tuesday Blitz April 18 Late 2023"]
[White "Demchenko, Anton"]
[Black "Sliwicki, Damian"]
[WhiteFideId "4160258"]
[BlackFideId "1127128"]
[WhiteElo "2545"]
[BlackElo "2030"]
[Result "1-0"]
[Round "10"]
[TimeControl "180+2"]
[Date "2023.04.18"]
[WhiteClock "0:01:55"]
[BlackClock "0:00:09"]

1. e4 c5 2. Nf3 g6 3. Bc4 Bg7 4. c3 Nc6 5. d4 cxd4 6. cxd4 Nf6 7. e5 Ng8 8. O-O d5 9. exd6 Qxd6 10. Qb3 e6 11. d5 exd5 12. Bxd5 Be6 13. Bxe6 fxe6 14. Qxb7 Nge7 15. Qxa8+ Kf7 16. Ng5+ 1-0


[Site "https://www.chess.com"]

[Event "Titled Tuesday Blitz April 18 Late 2023"]
[White "Le Goff, Ronan"]
[Black "Spata, German"]
[WhiteFideId "612073"]
[BlackFideId "113026"]
[WhiteElo "2275"]
[BlackElo "2238"]
[Result "0-1"]
[Round "10"]
[TimeControl "180+2"]
[Date "2023.04.18"]
[WhiteClock "0:00:21"]
[BlackClock "0:00:04"]

1. d4 d5 2. c4 c6 3. Nf3 Nf6 4. e3 a6 5. Nc3 b5 6. b3 Bg4 7. h3 Bxf3 8. Qxf3 e6 9. c5 Nbd7 10. Bd2 e5 11. Qg3 e4 12. Be2 Qb8 13. Qxb8+ Rxb8 14. a3 a5 15. O-O-O Be7 16. f3 exf3 17. gxf3 O-O 18. Rdg1 Rfe8 19. Bd3 Nxc5 20. dxc5 Bxc5 21. Kb2 Bxe3 22. Bxe3 Rxe3 23. Bc2 Rxf3 24. Re1 Kf8 25. Re2 Re8 26. Rxe8+ Nxe8 27. h4 h5 28. Bd1 Rf2+ 29. Kb1 Nf6 30. Ne2 Ne4 31. Nd4 Nc3+ 32. Kc1 c5 33. Nc2 g6 34. Kb2 d4 35. Kc1 d3 36. Ne3 f5 37. Rf1 Rh2 38. Nxf5 gxf5 39. Rxf5+ Ke7 40. Rxc5 b4 41. axb4 axb4 42. Bxh5 Rxh4 43. Bg6 Rd4 44. Bxd3 Rxd3 45. Rc4 Nd5 46. Kc2 Rc3+ 47. Kb2 Rd3 48. Kc2 Re3 49. Rd4 Kd6 50. Rh4 Rc3+ 51. Kb2 Re3 52. Kc2 Rf3 53. Rg4 Kc5 54. Rc4+ Kb5 55. Rh4 Rf2+ 56. Kd3 Rf3+ 57. Ke4 Rxb3 58. Kxd5 Rd3+ 59. Ke4 Rd8 60. Rh7 Kc4 61. Rc7+ Kb3 62. Ra7 Kb2 63. Rc7 b3 64. Rc8 Rxc8 0-1


[Site "https://www.chess.com"]

[Event "Titled Tuesday Blitz April 18 Late 2023"]
[White "Kozin, Yuri"]
[Black "Shapiro, Viktor"]
[WhiteFideId "4129920"]
[BlackFideId "4175700"]
[WhiteElo "2607"]
[BlackElo "2152"]
[Result "0-1"]
[Round "10"]
[TimeControl "180+2"]
[Date "2023.04.18"]
[WhiteClock "0:00:01"]
[BlackClock "0:00:18"]

1. e4 Nf6 2. e5 Nd5 3. d4 d6 4. Nf3 Bg4 5. exd6 cxd6 6. Be2 e6 7. h3 Bh5 8. O-O Be7 9. c3 O-O 10. Qb3 Qc7 11. a4 Nc6 12. Na3 a6 13. Nc4 b6 14. Re1 Rfb8 15. Bd2 h6 16. Ne3 Nf4 17. Bd1 Na5 18. Qa2 Nd3 19. Rf1 d5 20. Ng4 Bxg4 21. hxg4 b5 22. axb5 axb5 23. g3 b4 24. Qb1 bxc3 25. Bxc3 Nb4 26. Ra4 Nc4 27. Qa1 Rxa4 28. Qxa4 Nc6 29. Qc2 Qb6 30. Be2 Nb4 31. Qb3 Na5 32. Qa4 Bf8 33. Ra1 Nac6 34. Bxb4 Nxb4 35. Qb3 Qc7 36. Ne5 Bd6 37. f4 g5 38. Qc3 gxf4 39. gxf4 Rc8 40. Qxc7 Rxc7 41. Ra8+ Kg7 42. Bf3 Nc2 0-1


[Site "https://www.chess.com"]

[Event "Titled Tuesday Blitz April 18 Late 2023"]
[White "Seletsky, Grigory"]
[Black "Fiorito, Francisco"]
[WhiteFideId "14112191"]
[BlackFideId "180165"]
[WhiteElo "2490"]
[BlackElo "2341"]
[Result "1-0"]
[Round "10"]
[TimeControl "180+2"]
[Date "2023.04.18"]
[WhiteClock "0:01:37"]
[BlackClock "0:01:50"]

1. e4 c5 2. Nc3 Nc6 3. d3 g6 4. Be3 d6 5. d4 cxd4 6. Bxd4 Nxd4 7. Qxd4 Nf6 8. e5 dxe5 9. Bb5+ Bd7 10. Qxe5 Bg7 11. O-O-O Kf8 12. Bxd7 Nxd7 13. Qb5 Ke8 14. Nge2 a6 15. Qxb7 Rb8 16. Qxa6 e6 17. Rd3 Ra8 18. Qb5 Rb8 19. Rxd7 Qxd7 20. Qxb8+ Ke7 21. Qb4+ Ke8 22. Rd1 Bf8 23. Qb8+ 1-0


[Site "https://www.chess.com"]

[Event "Titled Tuesday Blitz April 18 Late 2023"]
[White "Moral Garcia, Serafin"]
[Black "Golubev, Mikhail"]
[WhiteFideId "2201925"]
[BlackFideId "14100983"]
[WhiteElo "2274"]
[BlackElo "2374"]
[Result "1-0"]
[Round "10"]
[TimeControl "180+2"]
[Date "2023.04.18"]
[WhiteClock "0:00:17"]
[BlackClock "0:00:01"]

1. e4 c5 2. Nf3 d6 3. d4 cxd4 4. Nxd4 Nf6 5. Nc3 g6 6. Be3 Bg7 7. f3 a6 8. Qd2 h5 9. O-O-O Nbd7 10. Kb1 Qc7 11. Bg5 b5 12. Nd5 Nxd5 13. exd5 Nf6 14. Nc6 e5 15. c4 O-O 16. Rc1 bxc4 17. Bxc4 Qd7 18. Ka1 Bb7 19. Bb3 Rac8 20. Ba4 Kh7 21. Rc4 Nxd5 22. Qxd5 Rc7 23. Rhc1 Rfc8 24. Be3 Qf5 25. Bb6 Rd7 26. Qd1 Qg5 27. Na5 Rxc4 28. Rxc4 Re7 29. g3 e4 30. f4 Qf5 31. Qxd6 Re6 32. Qc5 e3 33. Qxf5 gxf5 34. Rc1 Rxb6 35. Nc4 Rb4 36. Bb3 e2 37. Re1 Bf3 38. Nd2 Bg4 39. Kb1 Rd4 40. Kc2 Rd8 41. Bc4 a5 42. b3 Bd4 43. Bxe2 Bf2 44. Rf1 Bxe2 45. Rxf2 Bd3+ 46. Kb2 Rc8 47. Nf3 f6 48. Nd4 Be4 49. Rd2 Kg6 50. Nc2 h4 51. Ne3 hxg3 52. hxg3 Rh8 53. Nc4 a4 54. bxa4 Rh3 55. a5 Rxg3 56. Nd6 Bh1 57. a6 Rg4 58. Rd4 Rg2+ 59. Ka3 1-0


[Site "https://www.chess.com"]

[Event "Titled Tuesday Blitz April 18 Late 2023"]
[White "Aggelis, Nikolaos"]
[Black "Gerbelli Neto, Eduardo"]
[WhiteFideId "4213220"]
[BlackFideId "2103281"]
[WhiteElo "2189"]
[BlackElo "2178"]
[Result "1-0"]
[Round "10"]
[TimeControl "180+2"]
[Date "2023.04.18"]
[WhiteClock "0:00:56"]
[BlackClock "0:00:24"]

1. c4 c5 2. g3 Nf6 3. Bg2 d5 4. Nf3 Nc6 5. cxd5 Nxd5 6. O-O e5 7. Nc3 Nc7 8. d3 Be7 9. Be3 O-O 10. Ne4 b6 11. Rc1 f6 12. a3 a5 13. Qb3+ Nd5 14. Nc3 Be6 15. Nxd5 Bxd5 16. Qa4 Nd4 17. Bxd4 exd4 18. Nd2 Bxg2 19. Kxg2 Qd5+ 20. Kg1 Rfe8 21. Rfe1 Reb8 22. Qb5 Ra7 23. Nc4 Qd7 24. Qxd7 Rxd7 25. a4 Kf7 26. Ra1 Ke6 27. Ra3 Kd5 28. Rb3 Rdb7 29. Rb5 Bd8 30. Ra1 Bc7 31. Ra3 Ra7 32. Rab3 Kc6 33. Kg2 Re8 34. Kf3 Rb8 35. h4 g6 36. Ra3 h5 37. Ra1 Re8 38. Rg1 Bd8 39. g4 Rae7 40. gxh5 gxh5 41. e4 dxe3 42. fxe3 f5 43. Rg5 Rh7 44. Rxf5 Bxh4 45. Rxb6+ Kc7 46. Rxc5+ Kd8 47. Rb8+ 1-0


[Site "https://www.chess.com"]

[Event "Titled Tuesday Blitz April 18 Late 2023"]
[White "Marcziter, Dmitrii"]
[Black "Przybylski, Wojciech"]
[WhiteFideId "13900765"]
[BlackFideId "1117599"]
[WhiteElo "2162"]
[BlackElo "2222"]
[Result "1-0"]
[Round "10"]
[TimeControl "180+2"]
[Date "2023.04.18"]
[WhiteClock "0:01:06"]
[BlackClock "0:00:02"]

1. e4 c5 2. Nc3 d6 3. f4 Nf6 4. Nf3 Nc6 5. Bc4 e6 6. d3 Be7 7. O-O a6 8. a4 O-O 9. Kh1 d5 10. Ba2 b6 11. e5 Ne8 12. d4 c4 13. Ne2 f5 14. exf6 Nxf6 15. c3 Bd6 16. Ng3 Ne7 17. Ne5 Nf5 18. Qe1 b5 19. Bb1 Bd7 20. axb5 Nxg3+ 21. Qxg3 axb5 22. Rxa8 Qxa8 23. Qh4 Be8 24. Ng4 Ne4 25. Bxe4 dxe4 26. Ne5 Bxe5 27. dxe5 Qd5 28. Be3 Qxe5 29. fxe5 Rxf1+ 30. Bg1 Bg6 31. Qd8+ Rf8 32. Qd4 Bf5 33. h3 h5 34. Be3 Kh7 35. Kh2 Ra8 36. Qd7 Rb8 37. Bc5 Kg6 38. Kg3 Kh7 39. Qf7 Bg6 40. Qxe6 Rd8 41. Bd6 Ra8 42. Qd7 Ra1 43. Bf8 1-0


[Site "https://www.chess.com"]